 Dungeon Crawl Stone Soup version 0.27.1 (webtiles) character file.

Game seed: 14495866699887347813

12437 H0rd4k the Summoner (level 11, -2/69 HPs)
             Began as a Barachi Summoner on Aug 23, 2021.
             Was an Elder of Qazlal.
             Shot with an arrow by a salamander (7 damage)
             ... in a volcano on Aug 24, 2021.
             The game lasted 00:53:01 (20890 turns).

H0rd4k the Summoner (Barachi Summoner)             Turns: 20890, Time: 00:53:02

Health: -2/69      AC:  9    Str: 10    XL:     11   Next: 93%
Magic:  8/35       EV: 12    Int: 18    God:    Qazlal [****..]
Gold:   280        SH: 10    Dex: 13    Spells: 21/32 levels left

rFire    . . .     SeeInvis .   (no weapon)
rCold    . . .     Faith    .   (no shield)
rNeg     + + .     Spirit   .   o - +3 leather armour
rPois    .         Reflect  +   l - +2 helmet
rElec    .         Harm     .   (no cloak)
rCorr    .         Rampage  .   (no gloves)
Will     .....                  (no boots)
Stlth    ++........             r - amulet of Moadamo {Reflect +Blink rN++ Regen+ SH+5 Stlth+}
HPRegen  1.21/turn              g - ring of magical power
MPRegen  0.24/turn              q - ring of wizardry

@: unable to hop, attractive, repel missiles, slow
A: amphibious, slowness 1, strong legs 1, +LOS
a: Hop, Renounce Religion, Evoke Blink, Upheaval, Elemental Force


You were in a volcano.
You worshipped Qazlal.
Qazlal was greatly pleased with you.
You visited 3 branches of the dungeon, and saw 16 of its levels.
You also visited: Volcano.

You collected 914 gold pieces.
You spent 634 gold pieces at shops.

Inventory:

Hand Weapons
 z - the +9 hand crossbow "Pexumoimm" {penet, rElec rF+ rCorr Dex+3}
   (You found it on level 2 of the Lair of Beasts)

   Any ammunition fired by it passes through the targets it hits, potentially
   hitting all targets in its path until it reaches maximum range.
   Dex:       It affects your dexterity (+3).
   rF:        It protects you from fire.
   rElec:     It insulates you from electricity.
   rCorr:     It protects you from acid and corrosion.
 K - a +5 dagger of venom
Missiles
 D - 108 bolts
Armour
 a - a +0 robe
 l - a +2 helmet (worn)
 o - a +3 leather armour (worn)
Jewellery
 g - a ring of magical power (left hand)
 q - a ring of wizardry (right hand)
 r - the amulet of Moadamo (around neck) {Reflect +Blink rN++ Regen+ SH+5 Stlth+}
   (You bought it in a shop on level 2 of the Dungeon)

   [amulet of reflection]

   It reflects blocked missile attacks.
   rN:        It greatly protects you from negative energy.
   +Blink:    It lets you blink.
   Regen:     It increases your rate of health regeneration.
   SH:        It affects your SH (+5).
   Stlth:     It makes you more stealthy.
 J - a ring of resist corrosion
Wands
 j - a wand of polymorph (10)
 t - a wand of paralysis (2)
 G - a wand of acid (9)
 L - a wand of charming (9)
Scrolls
 c - a scroll of torment {unknown}
 d - 3 scrolls of blinking {unknown}
 e - 2 scrolls of teleportation
 f - 2 scrolls of holy word
 h - 2 scrolls of immolation
 k - 3 scrolls of amnesia {unknown}
 m - 2 scrolls of vulnerability
 p - a scroll of fear {unknown}
 v - 2 scrolls of noise
 x - a scroll of silence {unknown}
 A - 5 scrolls of magic mapping
 B - 2 scrolls of fog {unknown}
 E - a scroll of enchant armour {unknown}
 N - 4 scrolls of identify
Potions
 b - a potion of heal wounds
 i - 5 potions of curing
 n - a potion of flight
 s - a potion of lignification
 u - a potion of invisibility
 w - a potion of resistance
 C - a potion of mutation
 F - a potion of berserk rage
Miscellaneous
 y - a piece from Xom's chessboard (15/15)
 M - a piece from Xom's chessboard (15/15)


   Skills:
 + Level 0.8 Fighting
 * Level 2.3 Crossbows
 + Level 4.0 Dodging
 - Level 1.7 Stealth
 - Level 1.9 Shields
 + Level 11.4 Spellcasting
 + Level 2.6 Hexes
 + Level 13.6 Summonings
 + Level 7.0 Air Magic
 + Level 3.6 Invocations
 + Level 3.2 Evocations


You had 21 spell levels left.
You knew the following spells:

 Your Spells              Type           Power      Damage    Failure   Level
a - Summon Small Mammal   Summ           100%       N/A       1%          1
b - Call Canine Familiar  Summ           56%        N/A       1%          3
c - Summon Lightning Spi  Summ/Air       47%        N/A       1%          4
d - Inner Flame           Hex/Fire       15%        N/A       6%          3

Your spell library contained the following spells:

 Spells                   Type           Power      Damage    Failure   Level
 Shock                    Conj/Air       88%        1d8       1%          1
 Call Imp                 Summ           56%        N/A       1%          2
 Summon Guardian Golem    Hex/Summ       39%        N/A       1%          3
 Swiftness                Air            35%        N/A       1%          3
 Airstrike                Air            17%        N/A       2%          4
 Animate Armour           Summ/Erth      68%        N/A       2%          4
 Animate Skeleton         Necr           20%        N/A       4%          1
 Pain                     Necr           40%        1d6       4%          1
 Stone Arrow              Conj/Erth      20%        3d8       12%         3
 Vampiric Draining        Necr           5%         2d6       12%         3
 Cause Fear               Hex            9%         N/A       12%         4
 Lightning Bolt           Conj/Air       11%        1d24      24%         5
 Bolt of Magma            Conj/Fire/Erth 5%         4d5       67%         5
 Iskenderun's Battlesphe  Conj           10%        2d6       67%         5
 Spellforged Servitor     Conj/Summ      17%        N/A       86%         7
 Iron Shot                Conj/Erth      5%         9d2       99%         6
 Discord                  Hex            9%         N/A       100%        8
 Lehudib's Crystal Spear  Conj/Erth      5%         10d3      100%        8
 Shatter                  Erth           5%         3d8*      100%        9


Dungeon Overview and Level Annotations

Branches:
Dungeon (11/15)            Temple (1/1) D:5            Lair (4/6) D:10
 Spider (0/4) Lair:2          Orc (0/2) D:11        Volcano (1/1)
  Swamp: Lair:2-4    Shoals: Lair:2-4

Altars:
Ashenzari
Cheibriados
Dithmenos
Elyvilon
Fedhas
Gozag
Hepliaklqana
Kikubaaqudgha
Makhleb
Nemelex Xobeh
Okawaru
Qazlal
Ru
Sif Muna
Trog
Uskayaw
Vehumet
Wu Jian
Xom
Yredelemnul
Zin
The Shining One

Shops:
D:2 =   D:6 *

Annotations:
D:3 1 exclusion
D:4 exclusion: downstairs
D:7 1 runed translucent door
D:8 exclusions: downstairs and yak
D:9 exclusion: downstairs
D:10 exclusion: downstairs
Lair:2 1 runed translucent door, exclusions: door and oklob plant, Reubyar's ghost, journeyman MiBe


Innate Abilities, Weirdness & Mutations

You are amphibious.
You cover ground slowly.
You can hop short distances.
You have an extended range of vision and can be seen from far away.


Message History

A salamander comes into view. It is wielding a +2 trident.
The salamander is pulled toward you! x3
Unknown command.
Hop to where?
Press: ? - help, Dir - move target
Found 2 glowing white potions and a robe.
Boing!
A salamander comes into view.
It is wielding a +1 trident of distortion.
The salamander is pulled toward you! x4
Unknown command.
A salamander comes into view.
It is wielding a +4 trident of protection.
Found a great sword of flaming.
The salamander barely misses you.
The salamander hits you from afar with a +1 spear!
You are engulfed in flames!
A salamander mystic comes into view.
It is wielding a +1 bardiche of flaming.
The salamander hits you but does no damage.
Space bends around you.
The salamander hits you from afar with a +2 trident!
You are engulfed in flames!
* * * LOW HITPOINT WARNING * * *
The salamander hits you from afar with a +4 trident of protection.
* * * LOW HITPOINT WARNING * * *
You are engulfed in flames!
* * * LOW HITPOINT WARNING * * *
The salamander is pulled toward you! x3
The salamander mystic is pulled toward you!
Okay, then.
Unknown command.
Okay, then.
Unknown command.
You blink.
A salamander comes into view.
Found a potion of invisibility, a brown potion and a potion of resistance.
A salamander comes into view. It is wielding a +0 halberd.
The salamander misses you.
The salamander mystic casts a spell at the salamander.
The salamander seems to speed up.
The salamander wields a +0 shortbow of flaming.
It bursts into flame!
The salamander shoots an arrow.
The arrow hits you!
You die...

#### ## #... #.#
#)). ##.∩ #.○. ###
.[[ #..##.###.#
#.###N.N...#
#....N...N☼°.###.N!!
#.....##N.N°@....#
##.[! ##.§...#.##
##. ###...# .. #
N..#.# .##.#... !.
..##.[? .# ... ##..
.# ![. .## ## #.## #


You could see a salamander mystic and 7 salamanders.

Vanquished Creatures
  An elephant (Lair:4)
  A steam dragon (D:7)
  A centaur (D:9)
  A kobold brigand (D:7)
  A dart slug (D:1)
  An endoplasm (D:1)
  A giant cockroach (D:1)
  A goblin (D:3)
  A rat (D:2)
9 creatures vanquished.

Vanquished Creatures (collateral kills)
  2 hydras
  A boulder beetle (D:7)
  3 manticores
  A cyclops (D:7)
  An ugly thing (D:7)
  4 black mambas
  3 elephants (Lair:4)
  2 cane toads
  5 komodo dragons
  A rime drake (Lair:4)
  4 trolls
  9 blink frogs
  Grinder (D:5)
  Sigmund (D:2)
  A shadow (D:10)
  5 wraiths
  4 wyverns
  26 yaks
  2 basilisks (Lair:1)
  Edmund (D:5)
  3 vampire mosquitoes (D:10)
  2 acid dragons
  8 water moccasins
  2 sky beasts (D:6)
  An orc warrior (D:10)
  An ice beast (D:8)
  2 black bears
  An ogre (D:4)
  A wolf (D:10)
  2 centaurs
  A phantom (D:5)
  Blork the orc (D:5)
  10 bullfrogs
  3 scorpions
  A wyvern zombie (D:7)
  A gnoll sergeant (D:7)
  A water moccasin zombie (D:5)
  A wyvern skeleton (D:6)
  5 killer bees (D:9)
  An electric eel (D:8)
  3 wights (D:8)
  6 howler monkeys (D:9)
  A nameless horror (D:5)
  4 centaur zombies
  2 jellies
  8 hounds
  4 orc priests
  2 bullfrog skeletons (D:5)
  An iguana (D:4)
  Natasha (twice) (D:4)
  12 orc wizards
  A howler monkey zombie (D:3)
  4 gnolls (D:3)
  A howler monkey skeleton (D:6)
  6 adders
  3 white imps
  An ufetubus (D:5)
  A worm (D:2)
  2 dart slugs (D:2)
  33 orcs
  4 bats
  7 endoplasms
  6 giant cockroaches
  7 goblins
  4 hobgoblins
  2 jackals (D:2)
  2 quokkas
  3 ball pythons
  4 frilled lizards
  8 kobolds
  5 rats
274 creatures vanquished.

Vanquished Creatures (others)
  Natasha (D:4)
  5 fungi
  25 plants
31 creatures vanquished.

Grand Total: 314 creatures vanquished

Notes
Turn   | Place    | Note
-------+----------+-------------------------------------------
     0 | D:1      | H0rd4k the Barachi Summoner began the quest for the Orb.
     0 | D:1      | Reached XP level 1. HP: 13/13 MP: 3/3
   303 | D:1      | Reached skill level 5 in Summonings
   516 | D:1      | Reached XP level 2. HP: 9/19 MP: 1/5
  1983 | D:2      | Reached XP level 3. HP: 24/24 MP: 1/7
  1987 | D:2      | Learned a level 3 spell: Call Canine Familiar
  2223 | D:2      | Found Hehanuwa's Jewellery Shoppe.
  3260 | D:2      | Noticed Sigmund
  3728 | D:3      | Found a shimmering blue altar of Sif Muna.
  3852 | D:3      | Reached XP level 4. HP: 24/30 MP: 9/9
  3903 | D:3      | Found a faded altar of an unknown god.
  4093 | D:3      | Found an iron altar of Okawaru.
  4536 | D:3      | Reached skill level 6 in Summonings
  4640 | D:4      | Noticed Natasha
  4654 | D:4      | Killed Natasha
  4655 | D:4      | Reached XP level 5. HP: 35/35 MP: 11/11
  4760 | D:4      | Learned a level 4 spell: Summon Lightning Spire
  4831 | D:4      | Found a radiant altar of Vehumet.
  5024 | D:4      | Found a broken altar of Ashenzari.
  5160 | D:4      | Noticed an ogre
  5170 | D:4      | Killed an ogre
  5200 | D:4      | Killed Natasha
  5738 | D:4      | Reached skill level 5 in Spellcasting
  5738 | D:4      | Reached XP level 6. HP: 41/41 MP: 13/13
  6309 | D:4      | Noticed Natasha
  6318 | D:4      | Killed Natasha
  6360 | D:5      | Entered Level 5 of the Dungeon
  6360 | D:5      | Noticed a black bear
  6460 | D:5      | Killed a black bear
  6552 | D:5      | Found a staircase to the Ecumenical Temple.
  6557 | Temple   | Entered the Ecumenical Temple
  6928 | Temple   | Became a worshipper of Qazlal Stormbringer
  7137 | D:5      | Reached skill level 1 in Air Magic
  7181 | D:5      | Reached skill level 7 in Summonings
  7258 | D:5      | Noticed a nameless horror
  7269 | D:5      | Killed a nameless horror
  7306 | D:5      | Reached XP level 7. HP: 46/46 MP: 15/15
  7375 | D:5      | Identified the +6 chain mail of Ycve {Rampage rElec rCorr
                  | Str+4}
  7530 | D:5      | Noticed Grinder
  7544 | D:5      | Killed Grinder
  7839 | D:5      | Noticed Edmund
  7849 | D:5      | Killed Edmund
  7937 | D:5      | Noticed Blork the orc
  8094 | D:5      | Killed Blork the orc
  8139 | D:5      | Found a sacrificial altar of Ru.
  8190 | D:6      | Found Qecoaschi's General Store.
  8215 | D:6      | Reached skill level 8 in Summonings
  8310 | D:6      | Reached * piety under Qazlal
  8639 | D:6      | Found a shimmering altar of Xom.
  8674 | D:6      | Reached XP level 8. HP: 52/52 MP: 17/17
  9304 | D:6      | You fall into a shaft and drop 1 floor!
  9304 | D:7      | Found a blossoming altar of Fedhas.
  9626 | D:7      | You fall into a shaft and drop 1 floor!
  9680 | D:8      | Reached skill level 9 in Summonings
  9806 | D:8      | Noticed a wyvern
  9820 | D:8      | Killed a wyvern
 11072 | D:8      | Noticed a yak
 11072 | D:8      | Noticed a yak
 11072 | D:8      | Noticed a yak
 11072 | D:8      | Noticed a yak
 11072 | D:8      | Noticed a yak
 11508 | D:9      | Found a burning altar of Makhleb.
 11530 | D:9      | Reached ** piety under Qazlal
 11536 | D:9      | Noticed a wyvern
 11808 | D:9      | Noticed a troll
 11821 | D:9      | Killed a troll
 11822 | D:9      | Reached skill level 10 in Summonings
 11822 | D:9      | Reached XP level 9. HP: 57/57 MP: 20/20
 12098 | D:9      | Noticed a manticore
 12113 | D:9      | Killed a manticore
 12220 | D:9      | Found a hide-covered altar of Uskayaw.
 12910 | D:10     | Entered Level 10 of the Dungeon
 13250 | D:10     | Found a glowing silver altar of Zin.
 13472 | D:10     | Noticed a troll
 13484 | D:10     | Killed a troll
 13618 | D:10     | Found a staircase to the Lair.
 13927 | D:10     | Reached skill level 11 in Summonings
 13950 | D:10     | Reached skill level 5 in Air Magic
 13951 | D:10     | Reached XP level 10. HP: 63/63 MP: 12/23
 14377 | D:10     | Found an opulent altar of Gozag.
 14416 | D:10     | Found a bloodstained altar of Trog.
 14491 | D:10     | Learned a level 3 spell: Inner Flame
 14908 | D:2      | Killed Sigmund
 15367 | D:7      | Noticed a cyclops
 15383 | D:7      | Reached skill level 1 in Invocations
 15608 | D:7      | Found a runed translucent door.
 15613 | D:7      | Found a basalt altar of Yredelemnul.
 15663 | D:7      | Reached *** piety under Qazlal
 15749 | D:7      | Noticed a brown ugly thing
 15754 | D:7      | Noticed a manticore
 15769 | D:7      | Killed a brown ugly thing
 15779 | D:7      | Killed a manticore
 15869 | D:7      | Noticed a boulder beetle
 15905 | D:7      | Killed a boulder beetle
 15906 | D:7      | Reached skill level 1 in Hexes
 15906 | D:7      | Reached skill level 12 in Summonings
 16158 | D:7      | Killed a cyclops
 16159 | D:7      | Reached skill level 10 in Spellcasting
 16575 | D:2      | Bought the amulet of Moadamo {Reflect +Blink rN++ Regen+
                  | SH+5 Stlth+} for 573 gold pieces
 16928 | D:11     | Noticed a manticore
 17077 | D:11     | Reached skill level 1 in Evocations
 17092 | D:11     | Reached skill level 1 in Shields
 17209 | D:11     | Killed a manticore
 17257 | D:11     | Found a staircase to the Orcish Mines.
 17344 | D:11     | Noticed a skeletal warrior
 17357 | D:11     | Noticed a skeletal warrior
 17455 | Lair:1   | Entered Level 1 of the Lair of Beasts
 17459 | Lair:1   | Noticed a black mamba
 17465 | Lair:1   | Killed a black mamba
 17511 | Lair:1   | Noticed a cane toad
 17519 | Lair:1   | Killed a cane toad
 17533 | Lair:1   | Reached XP level 11. HP: 69/69 MP: 21/25
 18605 | Lair:2   | Found a runed translucent door.
 18623 | Lair:2   | Noticed an eight-headed hydra
 18642 | Lair:2   | Identified the +6 spear "Ogre's Nightmare" {vorpal, Int+6}
 18642 | Lair:2   | Noticed a spriggan rider
 18642 | Lair:2   | Noticed a spriggan rider
 18666 | Lair:2   | Killed an eight-headed hydra
 18802 | Lair:2   | Found a hole to the Spider Nest.
 18894 | Lair:2   | Noticed an oklob plant
 19322 | Lair:2   | Identified the +9 hand crossbow "Pexumoimm" {penet, rElec
                  | rF+ rCorr Dex+3}
 19516 | D:6      | Bought 22 bolts for 61 gold pieces
 19834 | Lair:2   | Noticed Reubyar's ghost (journeyman MiBe)
 20373 | Lair:3   | Reached skill level 13 in Summonings
 20423 | Lair:3   | Noticed a seven-headed hydra
 20445 | Lair:3   | Killed a seven-headed hydra
 20446 | Lair:3   | Reached skill level 1 in Crossbows
 20757 | Lair:3   | Reached **** piety under Qazlal
 20874 | Lair:4   | Found a dark tunnel.
 20886 | Volcano  | Entered a volcano
 20886 | Volcano  | Noticed a salamander
 20887 | Volcano  | Noticed a salamander
 20887 | Volcano  | Noticed a salamander
 20888 | Volcano  | Noticed a salamander
 20889 | Volcano  | Noticed a salamander
 20889 | Volcano  | Noticed a salamander mystic
 20890 | Volcano  | Noticed a salamander
 20890 | Volcano  | Noticed a salamander
 20890 | Volcano  | Shot with an arrow by a salamander

Illustrated notes

Levels and vault maps discovered:
D:1:      saegor_arrival_simple_b, layout_rooms
D:2:      layout_loops_cross, serial_shops, nicolae_shop_waterfront,
          wander_ebering_terrifying_dragon_lair, uniq_sigmund
D:3:      layout_basic, mainiacjoe_overflow_catwalk,
          mainiacjoe_overflow_chevrons, basic_ecumenical_altar,
          minmay_statues_item
D:4:      layout_loops_ring, fiery_altar_vehumet, nicolae_ashenzari_panopticon,
          minivault_14, uniq_natasha
D:5:      layout_basic, nicolae_ru_path_of_blood, temple_doors_cd, uniq_edmund,
          uniq_grinder, uniq_blork_the_orc
D:6:      layout_basic, xom_butterflies, serial_shops, kennysheep_mini_moat
D:7:      layout_loops_ring, lemuel_crystal_altar, dk_yredelemnul_ordeal,
          chequers_hall_statues_y, minmay_shattered_shrine
D:8:      layout_loops_ring, hangedman_abyss_or_decor_passed, water_maze_lemuel
D:9:      layout_loops_corners, mainiacjoe_overflow_boulevard,
          old_standard_altar
D:10:     layout_irregular_city, mainiacjoe_overflow_concentric_impassable,
          lemuel_doored_altar, nicolae_gozag_cash_rules_everything_around_me,
          erik_lair_island
D:11:     layout_basic, orc_0_dummy
Temple:   jpeg_temple_island
Lair:1:   layout_misc_corridors, lemuel_fruit_tree, grunt_megastairs_4,
          infiniplex_staircase_pool_2
Lair:2:   layout_chaotic_city, spider_nest_entry_web_field,
          ebering_ghost_funeral_grove, chequers_serial_rivers_micro_a,
          grunt_megastairs_1, minmay_lair_oklob_chamber
Lair:3:   dragon1_lemuel, layout_small_grid, elwin_shoals_entry_rocks,
          grunt_megastairs_3
Lair:4:   layout_roguey, nicolae_volcano_entry_hallway, gammafunk_lair_bear_cave
Volcano:  volcano_caves

Skill      XL: |  1  2  3  4  5  6  7  8  9 10 11 |
---------------+----------------------------------+-----
Summonings     | 5 6 7 8 10 11 12 13 | 13.6
Spellcasting   | 3 4 5 6 7 9 10 11 | 11.4
Air Magic      | 1 2 3 5 6 7 |  7.0
Dodging        | 3 4 |  4.0
Invocations    | 2 3 |  3.6
Hexes          | 2 |  2.6
Evocations     | 2 3 |  3.2
Shields        | 1 |  1.9
Crossbows      | 2 |  2.3
Fighting       | |  0.8
Stealth        | |  1.7

Action                   |  1- 3 |  4- 6 |  7- 9 | 10-12 || total
-------------------------+-------+-------+-------+-------++-------
Melee: Unarmed           |    62 |     2 |     2 |       ||    66
 Cast: Summon Small Mamm |   144 |    68 |    40 |    66 ||   318
       Call Canine Famil |     4 |    36 |    61 |    77 ||   178
       Summon Lightning  |       |     3 |    50 |    75 ||   128
       Inner Flame       |       |       |       |     3 ||     3
Invok: Upheaval          |       |       |       |     1 ||     1
 Abil: Hop               |       |     1 |     3 |     9 ||    13
       Evoke Blink       |       |       |       |     3 ||     3
Evoke: Wand              |       |       |     2 |       ||     2
       Piece from Xom's  |       |       |       |     1 ||     1
  Use: Potion            |     2 |       |     3 |     2 ||     7
       Scroll            |       |       |    10 |     9 ||    19
 Stab: Distracted        |     3 |       |     1 |       ||     4
Armor: Robe              |    20 |     9 |       |       ||    29
       Leather armour    |       |    13 |    43 |    42 ||    98
Dodge: Dodged            |    75 |    42 |   143 |   101 ||   361
Block: Other             |       |       |    14 |    59 ||    73
       Reflection        |       |       |       |     2 ||     2
